 Dungeon Crawl Stone Soup version bcrawl-1.17.3 (webtiles) character file.

Game seed: 7189138971015902050

420 Freyura the Thaumaturge (level 6, -1/36 HPs)
             Began as a Fairy Wizard on Oct 24, 2019.
             Slain by a quokka (3 damage)
             ... summoned by Eustachio
             ... on level 4 of the Dungeon.
             The game lasted 00:14:52 (3208 turns).

Freyura the Thaumaturge (Fairy Wizard)              Turns: 3208, Time: 00:14:53

Health: -1/36      AC:  5    Str:  5    XL:     6   Next: 94%
Magic:  20/20      EV: 13    Int: 24    God:
Gold:   331        SH:  5    Dex: 10    Spells: 22/23 levels left

rFire    . . .     SeeInvis .   a - +0 staff
rCold    . . .     Gourm    .   (shield currently unavailable)
rNeg     . . .     Faith    .   (armour unavailable)
rPois    .         Spirit   .   b - +0 hat
rElec    .         Reflect  .   (no cloak)
rCorr    .         Harm     .   (no gloves)
MR       .....                  (no boots)
Stlth    ..........             (no amulet)
HPRegen  0.12/turn              i - ring of attention (curse)
MPRegen  0.17/turn              m - -3 ring of evasion (curse)

@: flying evasively
A: small, magic attunement, unstealthy, unfitting armour, able to fly, AC/SH +5
a: Stop Flying


You were on level 4 of the Dungeon.
You were not hungry.

You visited 1 branch of the dungeon, and saw 4 of its levels.

You collected 331 gold pieces.

Inventory:

Hand Weapons
 a - a +0 staff (weapon)
Missiles
 f - a throwing net (quivered) {!f}
Armour
 b - a +0 hat (worn)
Jewellery
 i - a cursed ring of attention (left hand)
 m - a cursed -3 ring of evasion (right hand)
Scrolls
 c - 4 scrolls of teleportation
 e - a scroll of identify
 g - a scroll of blinking
Potions
 k - a potion of cancellation {unknown}
Comestibles
 d - 4 rations {!d}


   Skills:
 - Level 3.4 Dodging
 - Level 1.5 Stealth
 * Level 9.0 Spellcasting
 - Level 1.2 Conjurations
   Level 1.1 Summonings
   Level 1.1 Translocations


You had 22 spell levels left.
You knew the following spells:

 Your Spells              Type           Power        Failure   Level  Hunger
a - Magic Dart            Conj           ###.         3%          1    None

Your spell library contained the following spells:

 Spells                   Type           Power        Failure   Level  Hunger
 Blink                    Tloc           N/A          5%          2    None
 Call Imp                 Summ           ###.....     5%          2    None
 Slow                     Hex            ##......     6%          1    None
 Conjure Flame            Conj/Fire      ##......     14%         3    None
 Mephitic Cloud           Conj/Pois/Air  ##......     14%         3    None


Dungeon Overview and Level Annotations

Branches:
Dungeon (4/12)
 Temple: D:4-7

Altars:
Nemelex Xobeh

Annotations:
D:4 Eustachio


Innate Abilities, Weirdness & Mutations

Your spells do not cause hunger and MP costs are reduced by 1.
Your bright wings attract enemies. (Stealth-)
You cannot fit into any form of body armour.
Your shimmering scales are hard and can block incoming attacks. (AC +5, SH +5)
You are small and have problems with some larger weapons.
You can fly continuously.


Message History

Casting: Magic Dart (safe; 3% risk of failure)
Confirm with . or Enter, or press ? or * to list all spells.
Aiming: Magic Dart (safe; 3% risk of failure)
Press: ? - help, Shift-Dir - straight line, f/p - river rat
Aim: a river rat (almost dead, summoned)
The magic dart hits the river rat.
You kill the river rat!
The river rat's corpse disappears in a puff of smoke!
The crimson imp blinks!
The quokka bites you but does no damage.
The shadow imp puffs mist at you.
Casting: Magic Dart (safe; 3% risk of failure)
Confirm with . or Enter, or press ? or * to list all spells.
Aiming: Magic Dart (safe; 3% risk of failure)
Press: ? - help, Shift-Dir - straight line, f - quokka
Aim: a quokka (grey smoke, summoned)
The magic dart hits the quokka.
The quokka is almost dead.
The quokka bites you.
You die...

,,,,,.(..........#
*,,*,,#..#..#....#
,,,,,,..........5#
*,,*,.#..#..#.r#.#
,,,,,...........@#
*****##########r5#
,,,,,,,,,#....).5#
,,,,,**#.>.#####5#
,,,,** #*,** #@#
,,,** *,* #r# *,**
*,* #.# *** *,*
#.# *,* #.# *,*
#.# *,* #.# *,*
#.# *,* *,*


You could see Eustachio, a quasit, 2 crimson imps, a river rat, a shadow imp and
2 quokkas.

Vanquished Creatures
  Sigmund (D:2)
  A bullfrog skeleton (D:4)
  A worker ant (D:4)
  A hound skeleton (D:3)
  4 gnolls (D:3)
  4 adders
  An ooze (D:3)
  An adder skeleton (D:4)
  3 worms
  4 dart slugs
  2 leopard geckos (D:2)
  7 orcs
  4 giant cockroaches
  6 goblins
  12 hobgoblins
  10 jackals
  6 kobolds
  3 quokkas (D:2)
  2 ball pythons (D:2)
  9 bats
  6 frilled lizards
  A leopard gecko skeleton (D:4)
  6 rats
95 creatures vanquished.

Notes
Turn   | Place    | Note
-------+----------+-------------------------------------------
     0 | D:1      | Freyura the Fairy Wizard began the quest for the Orb.
     0 | D:1      | Reached XP level 1. HP: 11/11 MP: 7/7
    86 | D:1      | Reached XP level 2. HP: 2/17 MP: 9/9
   458 | D:1      | Reached XP level 3. HP: 21/21 MP: 11/11
   596 | D:1      | Reached skill level 5 in Spellcasting
  1105 | D:2      | Noticed Sigmund
  1324 | D:2      | Killed Sigmund
  1324 | D:2      | Reached skill level 7 in Spellcasting
  1324 | D:2      | Reached XP level 4. HP: 14/27 MP: 12/15
  1324 | D:2      | Reached XP level 5. HP: 16/31 MP: 12/16
  1706 | D:2      | Reached XP level 6. HP: 31/36 MP: 18/18
  1923 | D:3      | Reached skill level 8 in Spellcasting
  2404 | D:3      | Found a sparkling altar of Nemelex Xobeh.
  2943 | D:4      | Reached skill level 9 in Spellcasting
  3170 | D:4      | Noticed Eustachio
  3206 | D:4      | HP: 1/36 [river rat[Eustachio] (9)]
  3208 | D:4      | Slain by a quokka

Skill      XL: |  1  2  3  4  5  6 |
---------------+-------------------+-----
Dodging        | 3 |  3.4
Spellcasting   | 7 9 |  9.0
Stealth        | |  1.5
Conjurations   | |  1.2
Summonings     | |  1.1
Translocations | |  1.1

Action                   |  1- 3 |  4- 6 || total
-------------------------+-------+-------++-------
Melee: Staff             |     3 |     1 ||     4
 Cast: Magic Dart        |    86 |   267 ||   353
  Use: Scroll            |     3 |     3 ||     6
  Eat: Ration            |     1 |       ||     1
       Chunk             |       |     3 ||     3
Armor: Skin              |     4 |    37 ||    41
Dodge: Dodged            |    34 |   135 ||   169
Block: Other             |     9 |    58 ||    67
